AoeStats
← TR-68

Fortress

508098902Analyzed
4v4 RM · 12d ago on Sep 20, 2026· 65m 14s· 8 players
Game mode
Random Map
Map size
Huge
Population
200
Speed
Normal
Resources
Standard
Victory
Conquest
Starting age
Dark Age
Ending age
Imperial Age
RankedLock teamsTeams togetherTeam positionsShared explorationLock speedFull tech treeHidden civsTurbo modeCheats
Victory
Defeat
🇹🇷 Khmer · Türkiye
854
+10
🇳🇱 Franks · Netherlands
726
+15
🇳🇱 Inca · Netherlands
695
+16
🇳🇱 Slavs · Netherlands
672
+17
🇧🇷 Magyars · Brazil
792
-17
🇦🇷 Franks · Argentina
737
-16
🇨🇱 Khmer · Chile
709
-15
🇧🇷 Khmer · Brazil
579
-10
naps
0:48 Loom
10:33 Feudal Age
12:05 Double-Bit Axe
12:13 Gold Mining
12:05 Horse Collar
13:53 Wheelbarrow
16:55 Castle Age
18:39 Caravan
21:28 Heavy Plow
23:13 Bow Saw
26:10 Imperial Age
23:58 Town Watch
27:57 Hand Cart
29:02 Double Crossbow
33:10 Forging
33:05 Scale Barding Armor
33:27 Light Cavalry
34:17 Hussar
35:08 Bloodlines
34:58 Husbandry
37:28 Chemistry
38:27 Heavy Scorpion
40:03 Iron Casting
39:48 Chain Barding Armor
40:54 Siege Engineers
44:38 Blast Furnace
43:59 Chain Barding Armor
55:20 Plate Barding Armor
63:59 Elite Battle Elephant
Diego-NA
0:59 Loom
6:45 Feudal Age
8:27 Wheelbarrow
8:31 Double-Bit Axe
18:04 Castle Age
17:24 Horse Collar
20:29 Scale Barding Armor
24:20 Imperial Age
22:00 Pikeman
23:55 Scale Mail Armor
24:23 Bow Saw
27:57 Heavy Plow
29:15 Conscription
28:22 Elite Skirmisher
31:27 Fortified Wall
31:56 Crop Rotation
34:01 Chain Barding Armor
34:10 Capped Ram
35:12 Caravan
36:54 Town Watch
37:26 Hand Cart
38:04 Tusk Swords
38:06 Gold Mining
38:07 Stone Mining
39:31 Man-at-Arms
42:17 Plate Barding Armor
41:59 Chain Mail Armor
41:46 Cavalier
43:48 Padded Archer Armor
45:00 Halberdier
45:02 Long Swordsman
47:18 Husbandry
48:57 Leather Archer Armor
48:33 Fletching
48:54 Forging
53:53 Double Crossbow
53:54 Bodkin Arrow
54:22 Ballistics
58:07 Iron Casting
57:33 Bracer
57:44 Siege Ram
57:45 Onager
61:45 Heavy Scorpion
62:23 Two-Handed Swordsman
Gsamp
7:23 Feudal Age
13:08 Castle Age
11:36 Stone Mining
17:40 Husbandry
19:03 Scale Barding Armor
20:11 Wheelbarrow
22:02 Double-Bit Axe
22:35 Murder Holes
23:11 Bow Saw
24:33 Ballistics
24:27 Caravan
26:24 Chain Barding Armor
26:20 Forging
32:25 Imperial Age
30:15 Hand Cart
30:03 Gold Mining
32:00 #83
33:34 Chivalry
33:56 Conscription
32:58 Elite Throwing Axeman
33:04 Cavalier
34:22 Plate Barding Armor
34:28 Iron Casting
35:34 Chemistry
36:17 Paladin
38:29 Blast Furnace
37:30 Scale Mail Armor
37:30 Pikeman
38:13 Squires
38:06 Gambesons
39:28 Halberdier
BeatNgu
0:30 Loom
10:20 Feudal Age
11:57 Wheelbarrow
11:09 Double-Bit Axe
12:14 Horse Collar
18:58 Castle Age
17:04 Stone Mining
18:53 Scale Mail Armor
19:52 Heavy Plow
20:04 Bow Saw
22:20 Fervor
22:20 Gold Mining
23:51 Hand Cart
23:21 Town Watch
27:12 Corvinian Army
27:33 Caravan
28:04 Coinage
28:20 Gold Shaft Mining
32:29 Imperial Age
30:24 Fletching
30:11 Elite Skirmisher
31:37 Scale Barding Armor
31:09 Crossbowman
32:53 Ballistics
32:14 Treadmill Crane
32:35 Bodkin Arrow
33:03 Chain Barding Armor
32:39 Bodkin Arrow
32:45 Padded Archer Armor
33:48 Crop Rotation
33:21 Elite Magyar Huszar
34:21 Conscription
34:19 Chain Mail Armor
34:44 Conscription
34:35 Thumb Ring
36:11 Two-Man Saw
34:49 Arbalester
35:43 Husbandry
35:53 Bloodlines
36:26 Chain Mail Armor
35:55 Pikeman
36:48 Halberdier
41:07 Bracer
41:43 Plate Barding Armor
41:39 Arson
45:12 Parthian Tactics
44:07 Heavy Cavalry Archer
46:57 Siege Engineers
47:53 Chemistry
KonyaCity42
1:19 Loom
4:38 Loom
7:10 Feudal Age
8:23 Double-Bit Axe
9:42 Loom
10:07 Horse Collar
15:05 Castle Age
14:44 Gold Mining
15:55 Heavy Plow
16:46 Gold Shaft Mining
17:48 Bow Saw
19:23 Stone Mining
24:24 Wheelbarrow
26:16 Caravan
28:01 Scale Mail Armor
28:07 Loom
29:26 Hand Cart
30:06 Husbandry
31:57 Detinets
35:14 Imperial Age
34:45 Fortified Wall
34:31 Murder Holes
34:42 Squires
34:03 Pikeman
34:44 Town Watch
37:04 Chemistry
37:45 Crop Rotation
37:27 Elite Boyar
38:30 Conscription
39:35 Druzhina
40:56 Forging
40:52 Scale Barding Armor
41:18 Chain Mail Armor
45:39 Plate Mail Armor
45:45 Iron Casting
45:30 Chain Barding Armor
46:16 Hoardings
45:06 Onager
46:48 Ballistics
64:20 Plate Barding Armor
64:45 Blast Furnace
O_Gazi 1326
2:35 Loom
8:20 Feudal Age
9:07 Double-Bit Axe
12:13 Scale Barding Armor
19:45 Castle Age
21:06 Husbandry
22:10 Pikeman
22:50 Squires
22:39 Gambesons
26:54 Bow Saw
28:23 Scale Mail Armor
32:17 Guard Tower
35:47 #83
35:35 Caravan
35:45 Gold Mining
38:12 Ballistics
40:48 Imperial Age
38:05 Town Watch
38:56 Wheelbarrow
38:20 Man-at-Arms
38:46 Arson
43:12 Chemistry
42:14 Halberdier
42:14 Long Swordsman
45:03 Cavalier
49:23 Two-Handed Swordsman
50:19 Onager
54:39 Chain Barding Armor
54:22 Padded Archer Armor
59:29 Paladin
61:30 Hand Cart
Sands Of Faith
0:29 Loom
7:26 Feudal Age
12:30 Castle Age
10:53 Double-Bit Axe
11:23 Horse Collar
14:03 Heavy Plow
19:37 Bow Saw
20:51 Wheelbarrow
21:29 Caravan
22:19 Hand Cart
21:59 Gold Mining
23:29 Gold Shaft Mining
27:49 Imperial Age
26:57 Fortified Wall
28:55 Stone Mining
29:15 Double Crossbow
29:41 Husbandry
29:52 Bloodlines
29:02 Elite Battle Elephant
30:00 Forging
29:55 Scale Barding Armor
29:51 Padded Archer Armor
29:41 Fletching
29:52 Scale Mail Armor
31:19 Crop Rotation
31:39 Stone Shaft Mining
32:51 Iron Casting
32:37 Chain Barding Armor
34:16 Chain Mail Armor
34:17 Leather Archer Armor
33:58 Bodkin Arrow
35:45 Blast Furnace
34:49 Tusk Swords
34:10 Elite Ballista Elephant
40:15 Plate Barding Armor
40:10 Ring Archer Armor
39:41 Bracer
42:01 Chemistry
41:21 Ballistics
41:07 Siege Engineers
40:59 Murder Holes
48:43 Hoardings
TR-68
5:01 Loom
7:03 Feudal Age
13:15 Castle Age
12:48 Horse Collar
18:19 Double-Bit Axe
24:03 Heavy Plow
24:23 Bow Saw
25:58 Squires
27:40 Coinage
28:43 Wheelbarrow
27:54 Pikeman
28:21 Arson
29:17 Caravan
29:55 Champi Runner
33:18 Scale Mail Armor
33:29 Forging
32:47 Champi Warrior
33:55 Andean Sling
34:53 Ballistics
37:38 Imperial Age
35:36 Chain Mail Armor
35:57 Iron Casting
35:47 Elite Skirmisher
38:07 Halberdier
39:52 Plate Mail Armor
39:57 Iron Casting
38:48 Elite Champi Warrior
38:56 Onager
39:58 Elite Kamayuk
40:48 Fletching
40:58 Padded Archer Armor
43:36 Crop Rotation
47:07 Fabric Shields
Connection lost

Rejoining the realm…

Still unreachable

The connection could not be restored.

Session expired

The server has moved on; the page needs a fresh start.